 Dungeon Crawl Stone Soup version 0.26-a0-612-gd4d190f45e (webtiles) character file.

Game seed: 16245670328038090122

9 Peloso the Skirmisher (level 2, 0/24 HPs)
             Began as a Demonspawn Fighter on Sept 9, 2020.
             Slain by a bat (1 damage)
             ... on level 1 of the Dungeon.
             The game lasted 00:00:24 (86 turns).

Peloso the Skirmisher (Demonspawn Fighter)            Turns: 86, Time: 00:00:24

Health: 0/24       AC:  6    Str: 16    XL:     2   Next: 6%
Magic:  2/2        EV:  6    Int:  9    God:
Gold:   0          SH:  8    Dex: 12    Spells: 1/1 levels left

rFire    . . .     SeeInvis .   a - +0 long sword
rCold    . . .     Faith    .   c - +0 kite shield
rNeg     . . .     Spirit   .   b - +0 scale mail
rPois    .         Reflect  .   (helmet restricted)
rElec    .         Harm     .   (no cloak)
rCorr    .                      (no gloves)
MR       .....                  (no boots)
Stlth    ..........             (no amulet)
HPRegen  0.08/turn              (no ring)
MPRegen  0.08/turn              (no ring)

@: no status effects
A: antennae 1
a: no special abilities


You were on level 1 of the Dungeon.
You visited 1 branch of the dungeon, and saw 1 of its levels.

Inventory:

Hand Weapons
 a - a +0 long sword (weapon)
Armour
 b - a +0 scale mail (worn)
 c - a +0 kite shield (worn)
Scrolls
 e - a scroll of teleportation {unknown}
Potions
 d - a potion of might


   Skills:
 + Level 3.0 Fighting
 + Level 1.7 Long Blades
 + Level 2.9 Armour
 + Level 3.0 Shields


You had one spell level left.
You didn't know any spells.
Your spell library was empty.

Dungeon Overview and Level Annotations

Branches:
Dungeon (1/15)

Altars:


Innate Abilities, Weirdness & Mutations

You have a pair of small antennae on your head.


Message History

The kobold hits you.
* * * LOW HITPOINT WARNING * * *
You block the bat's attack.
The frilled lizard bites you but does no damage.
The kobold hits you but does no damage. The bat hits you but does no damage.
The frilled lizard barely misses you.
You riposte.
You barely miss the frilled lizard. The kobold hits you.
* * * LOW HITPOINT WARNING * * *
You block the bat's attack.
The frilled lizard bites you but does no damage.
The kobold hits you but does no damage. The bat hits you but does no damage.
The frilled lizard bites you but does no damage.
The kobold hits you but does no damage. You block the bat's attack.
The bat hits you but does no damage. The frilled lizard barely misses you.
You riposte.
You closely miss the frilled lizard. The kobold hits you.
* * * LOW HITPOINT WARNING * * *
The bat barely misses you. The bat hits you.
You die...

#..# ##†### #
#....# .##
#....# ....
#)...# #....
#)...# #.....
#....# #....#
#..K.####.....#
#.@†...)....#
#.bl.####...#
#....# .##.#
#....# .# ..
###### .# . .?
##


You could see a bat, a kobold and a frilled lizard.

Vanquished Creatures
  A dart slug (D:1)
  A bat (D:1)
  A goblin (D:1)
  3 hobgoblins (D:1)
6 creatures vanquished.

Notes
Turn   | Place    | Note
-------+----------+-------------------------------------------
     0 | D:1      | Peloso the Demonspawn Fighter began the quest for the Orb.
     0 | D:1      | Reached XP level 1. HP: 18/18 MP: 1/1
    45 | D:1      | Gained mutation: You have a pair of small antennae on your
                  | head. [demonic ancestry]
    45 | D:1      | Reached XP level 2. HP: 12/24 MP: 2/2
    85 | D:1      | HP: 1/24 [kobold (1)]
    86 | D:1      | Slain by a bat

Illustrated notes

Levels and vault maps discovered:
D:1:      minmay_arrival_five_plusses, layout_rooms,
          minmay_misc_feat_four_crosses, minmay_vboxes

Skill      XL: |  1 |
---------------+----+-----
Shields        | 3 |  3.0
Fighting       | |  3.0
Long Blades    | |  1.7
Armour         | |  2.9

Action                   || total
-------------------------++-------
Melee: Long sword        ||    16
Armor: Scale mail        ||    47
Dodge: Dodged            ||    23
Block: Kite shield       ||    27
       Rpst.: Long sword ||    12

Table legend: (Time is in decaauts)
 A = Elapsed time spent in this place.
 B = Non-inter-level travel time spent in this place.
 C = Inter-level travel time spent in this place.
 D = Time resting spent in this place.
 E = Time spent auto-exploring this place.
 F = Levels seen in this place.
 G = Mean time per level.
                   A        B        C        D        E       F      G
               +--------+--------+--------+--------+--------+-----+--------+
         Total |     92 |     92 |      0 |      0 |      8 |   1 |   92.0 |
       Dungeon |     92 |     92 |      0 |      0 |      8 |   1 |   92.0 |
               +--------+--------+--------+--------+--------+-----+--------+

Top non-repeatable levels by time:
     D:1: 92 daAuts
